Workbook
Name ___sub1: #REF!
Name ___sub2: #REF!
Name ___sub3: #REF!
Name _sub1: #REF!
Name _sub2: #REF!
Name _sub3: #REF!
Name a: #REF!
Name AREA: #REF!
Name B: #REF!
Name BDI: #REF!
Name DOLAR: [1]INSUMOS!$G$8
Name ersdcefgbrnghrbgbrgfbgfwbvbfgvwfv: #REF!
Name Excel_BuiltIn_Print_Area_2: #REF!
Name Excel_BuiltIn_Print_Area_2_1: #REF!
Name Excel_BuiltIn_Print_Area_2_1_1: #REF!
Name Excel_BuiltIn_Print_Area_2_1_1_1: #REF!
Name Excel_BuiltIn_Print_Area_4: #REF!
Name leosde: #REF!
Name NCOMPOSICOES: 7
Name NCOTACOES: 15
Name obra: #REF!
Name obra1: #REF!
Name obra2: #REF!
Name obra3: #REF!
Name obra4: #REF!
Name obra5: #REF!
Name P.1: #REF!
Name P.10: #REF!
Name P.11: #REF!
Name P.12: #REF!
Name P.13: #REF!
Name P.14: #REF!
Name P.15: #REF!
Name P.2: #REF!
Name P.3: #REF!
Name P.4: #REF!
Name P.5: #REF!
Name P.6: #REF!
Name P.7: #REF!
Name P.8: #REF!
Name P.9: #REF!
Name Pedreiro_de_acabamento: [1]INSUMOS!$B$11
Name PP1.1: #REF!
Name PP1.10: #REF!
Name PP1.11: #REF!
Name PP1.12: #REF!
Name PP1.13: #REF!
Name PP1.14: #REF!
Name PP1.15: #REF!
Name PP1.2: #REF!
Name PP1.3: #REF!
Name PP1.4: #REF!
Name PP1.5: #REF!
Name PP1.6: #REF!
Name PP1.7: #REF!
Name PP1.8: #REF!
Name PP1.9: #REF!
Name T.1: #REF!
Name T.10: #REF!
Name T.11: #REF!

Sheet Planilha Orcamentária
J1: VALOR QUE TEM PRA SER USADO R$ 160.000,00
A2: PLANILHA ORÇAMENTÁRIA DE CUSTOS
A3: PREFEITURA MUNICIPAL DE INHAPIM-MG | E3: FOLHA N º: | G3: 01/01.
A4: OBRA: REFORMA E OU MODERNIZAÇÃO DE QUADRA POLIESPORTIVA NO MUNICIPIO DE INHAPIM/MG | E4: DATA: | G4: 45989
A5: LOCAL: DISTRITO DE BOM JESUS DO RIO PRETO - INHAPIM/MG - CEP: 35330-000 | E5: FORMA DE EXECUÇÃO:
A6: REGIÃO/MÊS DE REFERÊNCIA: SINAPI 09/2025 - SEM DESONERAÇÃO - SICOR 07/2025 - | E6: ( ) | F6: DIRETA | G6: ( X ) | H6: INDIRETA
A7: COMPOSIÇÃO/DEMONSTRATIVO DE BDI - EM ANEXO | E7: % ISS MUNICIPAL: | F7: 0.05 | G7: BDI: | H7: =BDI!D28 -> 0.2971
A9: ITEM | B9: CÓDIGO | C9: DESCRIÇÃO | D9: UNIDADE | E9: QUANTIDADE | F9: PREÇO UNITÁRIO S/ BDI | G9: PREÇO UNITÁRIO C/ BDI | H9: PREÇO TOTAL
A10: 1.0 | C10: SERVIÇOS PRELIMINARES | H10: =SUM(H11:H11) -> 1274.74 | K10: 0.85
A11: 1.1 | B11: SINAPI-103689 | C11: FORNECIMENTO E COLOCAÇÃO DE PLACA DE OBRA EM CHAPA GALVANIZADA #26, ESP. 0,45MM, DIMENSÃO (3X1,5)M, PLOTADA COM ADESIVO VINÍLICO, AFIXADA COM REBITES 4,8X40MM, EM ESTRUTURA METÁLICA DE METALON 20X20MM, ESP. 1,25MM, INCLUSIVE SUPORTE EM EUCALIPTO AUTOCLAVADO PINTADO COM TINTA PVA DUAS (2) DEMÃOS | D11: M² | E11: 1 | F11: =K11 -> 982.7615 | G11: =ROUND(F11+(F11*$H$7),2) -> 1274.74 | H11: =ROUND(E11*G11,2) -> 1274.74 | J11: 1156.19 | K11: =J11*K10 -> 982.7615
A12: 2.0 | C12: QUADRA | F12: =K12 -> 0 | H12: =SUM(H13:H16) -> 100820.99 | K12: =J12*K11 -> 0
A13: 2.1 | B13: COMPOSIÇÃO-I | C13: ='COMPOSIÇÃO-I'!C11 -> EXECUÇÃO DE PISO INDUSTRIAL DE CONCRETO ARMADO, FCK = 20 MPA, ESPESSURA DE 15,0 CM. AF_04/2022 | D13: M² | E13: ='Memória de Cálculo'!E11 -> 584.5 | F13: =K13 -> 91.796228 | G13: =ROUND(F13+(F13*$H$7),2) -> 119.07 | H13: =ROUND(E13*G13,2) -> 69596.42 | J13: ='COMPOSIÇÃO-I'!G11 -> 107.99556 | K13: =J13*$K$10 -> 91.796228
A14: 2.2 | B14: SINAPI-98577 | C14: TRATAMENTO DE JUNTA SERRADA, COM TARUGO DE POLIETILENO E SELANTE À BASE DE SILICONE. AF_09/2023 | D14: M | E14: ='Memória de Cálculo'!E12 -> 239.11 | F14: =K14 -> 42.7125 | G14: =ROUND(F14+(F14*$H$7),2) -> 55.4 | H14: =ROUND(E14*G14,2) -> 13246.69 | J14: 50.25 | K14: =J14*$K$10 -> 42.7125
A15: 2.3 | B15: SINAPI-102491 | C15: PINTURA DE PISO COM TINTA ACRÍLICA, APLICAÇÃO MANUAL, 2 DEMÃOS, INCLUSO FUNDO PREPARADOR. AF_05/2021 | D15: M² | E15: ='Memória de Cálculo'!E13 -> 510.7 | F15: =K15 -> 19.431 | G15: =ROUND(F15+(F15*$H$7),2) -> 25.2 | H15: =ROUND(E15*G15,2) -> 12869.64 | J15: 22.86 | K15: =J15*$K$10 -> 19.431
A16: 2.4 | B16: COMPOSIÇÃO-II | C16: PAR DE TRAVES E REDES DE FUTSAL - FORNECIMENTO E INSTALAÇÃO. AF_03/2022 | D16: UND | E16: 2 | F16: ='COMPOSIÇÃO-II'!G11 -> 1969.0995 | G16: =ROUND(F16+(F16*$H$7),2) -> 2554.12 | H16: =ROUND(E16*G16,2) -> 5108.24 | J16: ='COMPOSIÇÃO-II'!G11 -> 1969.0995 | K16: =J16*$K$10 -> 1673.7346
A17: 3.0 | C17: ALAMBRADO | F17: =K17 -> 0 | H17: =SUM(H18:H19) -> 89553.01
A18: 3.1 | B18: SINAPI-100701 | C18: PORTA DE FERRO, DE ABRIR, TIPO GRADE COM CHAPA, COM GUARNIÇÕES. AF_12/2019 | D18: M² | E18: ='Memória de Cálculo'!E16 -> 5.04 | F18: =K18 -> 454.1975 | G18: =ROUND(F18+(F18*$H$7),2) -> 589.14 | H18: =ROUND(E18*G18,2) -> 2969.27 | J18: 534.35 | K18: =J18*$K$10 -> 454.1975
A19: 3.2 | B19: SINAPI-102364 | C19: ALAMBRADO PARA QUADRA POLIESPORTIVA, ESTRUTURADO POR TUBOS DE ACO GALVANIZADO, (MONTANTES COM DIAMETRO 2", TRAVESSAS E ESCORAS COM DIÂMETRO 1 ¼"), COM TELA DE ARAME GALVANIZADO, FIO 10 BWG E MALHA QUADRADA 5X5CM (EXCETO MURETA). AF_03/2021 | D19: M² | E19: ='Memória de Cálculo'!E17 -> 344.42 | F19: =K19 -> 193.8085 | G19: =ROUND(F19+(F19*$H$7),2) -> 251.39 | H19: =ROUND(E19*G19,2) -> 86583.74 | J19: 228.01 | K19: =J19*$K$10 -> 193.8085
A20: 4.0 | C20: INSTALAÇÃO ELÉTRICA | F20: =K20 -> 0 | H20: =SUM(H21:H25) -> 5052.62
A21: 4.1 | B21: COMPOSIÇÃO - III | C21: ='COMPOSIÇÃO-III'!C11 -> LUMINÁRIA REFLETOR LED PARA ILUMINAÇÃO PÚBLICA, 200 W - FORNECIMENTO E INSTALAÇÃO. AF_02/2025 | D21: UND | E21: 3 | F21: =K21 -> 343.89271 | G21: =ROUND(F21+(F21*$H$7),2) -> 446.06 | H21: =ROUND(E21*G21,2) -> 1338.18 | J21: ='COMPOSIÇÃO-III'!G11 -> 404.57966 | K21: =J21*$K$10 -> 343.89271
A22: 4.2 | B22: SINAPI-96986 | C22: HASTE DE ATERRAMENTO, DIÂMETRO 3/4", COM 3 METROS - FORNECIMENTO E INSTALAÇÃO. AF_08/2023 | D22: UND | E22: 6 | F22: =K22 -> 134.589 | G22: =ROUND(F22+(F22*$H$7),2) -> 174.58 | H22: =ROUND(E22*G22,2) -> 1047.48 | J22: 158.34 | K22: =J22*$K$10 -> 134.589
A23: 4.3 | B23: SINAPI-91925 | C23: CABO DE COBRE FLEXÍVEL ISOLADO, 1,5 MM², ANTI-CHAMA 0,6/1,0 KV, PARA CIRCUITOS TERMINAIS - FORNECIMENTO E INSTALAÇÃO. AF_03/2023 | D23: M | E23: 106.11 | F23: =K23 -> 3.2725 | G23: =ROUND(F23+(F23*$H$7),2) -> 4.24 | H23: =ROUND(E23*G23,2) -> 449.91 | J23: 3.85 | K23: =J23*$K$10 -> 3.2725
A24: 4.4 | B24: SINAPI-91927 | C24: CABO DE COBRE FLEXÍVEL ISOLADO, 2,5 MM², ANTI-CHAMA 0,6/1,0 KV, PARA CIRCUITOS TERMINAIS - FORNECIMENTO E INSTALAÇÃO. AF_03/2023 | D24: M | E24: 250.38 | F24: =K24 -> 4.4115 | G24: =ROUND(F24+(F24*$H$7),2) -> 5.72 | H24: =ROUND(E24*G24,2) -> 1432.17 | J24: 5.19 | K24: =J24*$K$10 -> 4.4115
A25: 4.5 | B25: SINAPI-91864 | C25: ELETRODUTO RÍGIDO ROSCÁVEL, PVC, DN 32 MM (1"), PARA CIRCUITOS TERMINAIS, INSTALADO EM FORRO - FORNECIMENTO E INSTALAÇÃO. AF_03/2023 | D25: M | E25: 44.02 | F25: =K25 -> 13.7445 | G25: =ROUND(F25+(F25*$H$7),2) -> 17.83 | H25: =ROUND(E25*G25,2) -> 784.88 | J25: 16.17 | K25: =J25*$K$10 -> 13.7445
A26: 5.0 | C26: SERVIÇOS FINAIS | F26: =K26 -> 0 | H26: =SUM(H27) -> 5015.01
A27: 5.1 | B27: ED-50266 | C27: LIMPEZA FINAL PARA ENTREGA DA OBRA | D27: M² | E27: ='Memória de Cálculo'!E24 -> 584.5 | F27: =K27 -> 6.613 | G27: =ROUND(F27+(F27*$H$7),2) -> 8.58 | H27: =ROUND(E27*G27,2) -> 5015.01 | J27: 7.78 | K27: =J27*$K$10 -> 6.613
C28: TOTAL | H28: =SUM(H10,H12,H17,H20,H26) -> 201716.37
J30: =H28*0.85 -> 171458.91
C31: ='Memória de Cálculo'!C33 -> Sebastião Barbosa Pinto Filho
C32: ='Memória de Cálculo'!C34 -> CREA/MG Nº: MG 249.547/D
C35: Prefeito Municipal de Inhapim-MG
C36: ='Memória de Cálculo'!C39 -> Sandro Adriano Oliveira Silva

Sheet COMPOSIÇÃO-I
A4: ='Planilha Orcamentária'!A4 -> OBRA: REFORMA E OU MODERNIZAÇÃO DE QUADRA POLIESPORTIVA NO MUNICIPIO DE INHAPIM/MG
A5: ='Planilha Orcamentária'!A5 -> LOCAL: DISTRITO DE BOM JESUS DO RIO PRETO - INHAPIM/MG - CEP: 35330-000
A6: MUNICIPIO: INHAPIM/MG - CEP: 35330-000
A7: DATA: | B7: ='Memória de Cálculo'!F5 -> 45989
A9: QUADRO DE COMPOSIÇÕES
A11: COMPOSIÇÃO | B11: 1 | C11: EXECUÇÃO DE PISO INDUSTRIAL DE CONCRETO ARMADO, FCK = 20 MPA, ESPESSURA DE 15,0 CM. AF_04/2022 | D11: M | F11: 0 | G11: =((E12*G12)+(E13*G13)+(E14*G14)+(E15*G15)+(E16*G16)+(E17*G17)+(E18*G18)+(E19*G19)+(E20*G20)+(E21*G21)+(E22*G22)+(E23*G23)+(E24*G24)+(E25*G25)) -> 107.99556
A12: SINAPI | B12: 4517 | C12: SARRAFO *2,5 X 7,5* CM EM PINUS, MISTA OU EQUIVALENTE DA REGIAO - BRUTA | D12: M | E12: 0.51333 | F12: 0 | G12: 2.75 | H12: I
A13: SINAPI | B13: 5069 | C13: PREGO DE ACO POLIDO COM CABECA 17 X 27 (2 1/2 X 11) | D13: KG | E13: 0.00177 | F13: 0 | G13: 17.79 | H13: I
A14: SINAPI | B14: 34492 | C14: CONCRETO USINADO BOMBEAVEL, CLASSE DE RESISTENCIA C20, COM BRITA 0 E 1, SLUMP = 100 +/- 20 MM, EXCLUI SERVICO DE BOMBEAMENTO (NBR 8953) | D14: M³ | E14: 0.06 | F14: 0 | G14: 520 | H14: I
A15: SINAPI | B15: 42409 | C15: AGENTE DE CURA, PROTETOR DA EVAPORACAO DA AGUA DE HIDRATACAO DO CONCRETO | D15: KG | E15: 0.4 | F15: 0 | G15: 10.49 | H15: I
A16: SINAPI | B16: 43614 | C16: TABUA NAO APARELHADA *2,5 X 15* CM, EM MACARANDUBA/MASSARANDUBA, ANGELIM OU EQUIVALENTE DA REGIAO - BRUTA | D16: M | E16: 0.064167 | F16: 0 | G16: 20.9 | H16: I
A17: SINAPI | B17: 88262 | C17: CARPINTEIRO DE FORMAS COM ENCARGOS COMPLEMENTARES | D17: H | E17: 0.032006 | F17: 0 | G17: 30.75 | H17: C
A18: SINAPI | B18: 88309 | C18: PEDREIRO COM ENCARGOS COMPLEMENTARES | D18: H | E18: 0.117236 | F18: 0 | G18: 31.21 | H18: C
A19: SINAPI | B19: 88316 | C19: SERVENTE COM ENCARGOS COMPLEMENTARES | D19: H | E19: 0.120624 | F19: 0 | G19: 22.64 | H19: C
A20: SINAPI | B20: 90586 | C20: VIBRADOR DE IMERSÃO, DIÂMETRO DE PONTEIRA 45MM, MOTOR ELÉTRICO TRIFÁSICO POTÊNCIA DE 2 CV - CHP DIURNO. AF_06/2015 | D20: CHP | E20: 0.007957 | F20: 0 | G20: 1.52 | H20: C
A21: SINAPI | B21: 95282 | C21: DESEMPENADEIRA DE CONCRETO, PESO DE 78 KG, 4 PÁS, MOTOR A GASOLINA, POTÊNCIA 5,5 HP - CHP DIURNO. AF_05/2023 | D21: CHP | E21: 0.007957 | F21: 0 | G21: 10.23 | H21: C
A22: SINAPI | B22: 97091 | C22: ARMAÇÃO PARA EXECUÇÃO DE RADIER, PISO DE CONCRETO OU LAJE SOBRE SOLO, COM USO DE TELA Q-196. AF_09/2021 | D22: KG | E22: 3.11 | F22: 0 | G22: 13.27 | H22: C
A23: SINAPI | B23: 97113 | C23: APLICAÇÃO DE LONA PLÁSTICA PARA EXECUÇÃO DE PAVIMENTOS DE CONCRETO. AF_04/2022 | D23: M² | E23: 1 | F23: 0 | G23: 3.06 | H23: C
... A25: SINAPI | B25: 97117 | C25: BARRAS DE TRANSFERÊNCIA, AÇO CA-25 DE 20,0 MM, PARA EXECUÇÃO DE PAVIMENTO DE CONCRETO - FORNECIMENTO E INSTALAÇÃO. AF_04/2022 | D25: KG | E25: 0.822 | F25: 0 | G25: 19.87 | H25: C
A29: _________________________________
A30: Sebastião Barbosa Pinto Filho
A31: CREA/MG Nº: MG 249.547/D

Sheet COMPOSIÇÃO-II
A4: ='Planilha Orcamentária'!A4 -> OBRA: REFORMA E OU MODERNIZAÇÃO DE QUADRA POLIESPORTIVA NO MUNICIPIO DE INHAPIM/MG
A5: ='Planilha Orcamentária'!A5 -> LOCAL: DISTRITO DE BOM JESUS DO RIO PRETO - INHAPIM/MG - CEP: 35330-000
A6: MUNICIPIO: INHAPIM/MG - CEP: 35330-000
A7: DATA: | B7: ='Memória de Cálculo'!F5 -> 45989
A9: QUADRO DE COMPOSIÇÕES
A11: COMPOSIÇÃO | B11: 2 | C11: PAR DE TRAVES E REDES DE FUTSAL - FORNECIMENTO E INSTALAÇÃO. AF_03/2022 | D11: M | F11: 0 | G11: =((E12*G12)+(E13*G13)+(E14*G14)+(E15*G15)+(E16*G16)+(E17*G17)+(E18*G18)) -> 1969.0995 | K11: 1969.1 | M11: =((E12*M12)+(E13*M13)+(E14*M14)+(E15*M15)+(E16*M16)+(E17*M17)+(E18*M18)) -> 1969.0995
A12: SINAPI | B12: 4721 | C12: PEDRA BRITADA N. 1 (9,5 A 19 MM) POSTO PEDREIRA/FORNECEDOR, SEM FRETE | D12: M3 | E12: 0.0579 | F12: 0 | G12: =M12 -> 2.3 | H12: I | M12: 2.3
A13: SINAPI | B13: 25398 | C13: CONJUNTO PARA FUTSAL COM PAR DE TRAVES OFICIAIS DE 3,00 X 2,00 M EM TUBO DE ACO GALVANIZADO 3" COM REQUADROS EM TUBO DE 1", PINTURA EM PRIMER COM TINTA ESMALTE SINTETICO E REDES DE POLIETILENO FIO 4 MM | D13: UM | E13: 1 | F13: 0 | G13: =M13 -> 16 | H13: I | M13: 16
A14: SINAPI | B14: 44656 | C14: BUCHA DE ESPERA PARA FIXACAO DE TRAVE DE FUTSAL E POSTE DE VOLEI EM PVC, PARA TUBO DE 3", C = 40 CM | D14: KG | E14: 4 | F14: 0 | G14: =M14 -> 448.23 | H14: I | M14: 448.23
A15: SINAPI | B15: 44657 | C15: AMPA METALICA PARA BUCHA DE FIXACAO DE TRAVE DE FUTSAL E POSTE DE VOLEI, DIAMETRO 100 MM, ALTURA 55 MM | D15: KG | E15: 4 | F15: 0 | G15: =M15 -> 9.3 | H15: I | M15: 9.3
A16: SINAPI | B16: 88309 | C16: PEDREIRO COM ENCARGOS COMPLEMENTARES | D16: M2 | E16: 5.3809 | F16: 0 | G16: =M16 -> 13.55 | H16: I | M16: 13.55
A17: SINAPI | B17: 88316 | C17: SERVENTE COM ENCARGOS COMPLEMENTARES | D17: H | E17: 1.7936 | F17: 0 | G17: =M17 -> 23.905 | H17: C | M17: 23.905
A18: SINAPI | B18: 102486 | C18: CONCRETO FCK = 15MPA, TRAÇO 1:3,4:3,4 (EM MASSA SECA DE CIMENTO/ AREIA MÉDIA/ SEIXO ROLADO) - PREPARO MANUAL. AF_05/2021 | D18: H | E18: 0.2905 | F18: 0 | G18: =M18 -> 24.3 | H18: C | M18: 24.3
A22: _________________________________
A23: Sebastião Barbosa Pinto Filho
A24: CREA/MG Nº: MG 249.547/D

Sheet COMPOSIÇÃO-III
A4: ='Planilha Orcamentária'!A4 -> OBRA: REFORMA E OU MODERNIZAÇÃO DE QUADRA POLIESPORTIVA NO MUNICIPIO DE INHAPIM/MG
A5: ='Planilha Orcamentária'!A5 -> LOCAL: DISTRITO DE BOM JESUS DO RIO PRETO - INHAPIM/MG - CEP: 35330-000
A6: MUNICIPIO: INHAPIM/MG - CEP: 35330-000
A7: DATA: | B7: ='Memória de Cálculo'!F5 -> 45989
A9: QUADRO DE COMPOSIÇÕES
A11: COMPOSIÇÃO | B11: 3 | C11: LUMINÁRIA REFLETOR LED PARA ILUMINAÇÃO PÚBLICA, 200 W - FORNECIMENTO E INSTALAÇÃO. AF_02/2025 | D11: UND | F11: 0 | G11: =((E12*G12)+(E13*G13)+(E14*G14)+(E15*G15)) -> 404.57966
A12: SINAPI | B12: 21127 | C12: FITA ISOLANTE ADESIVA ANTICHAMA, USO ATE 750 V, EM ROLO DE 19 MM X 5 M | D12: UND | E12: 0.042 | F12: 0 | G12: 2.75 | H12: I
A13: SINAPI | B13: 45271 | C13: LUMINARIA LED REFLETOR RETANGULAR BIVOLT, LUZ BRANCA, 200 W | D13: UND | E13: 1 | F13: 0 | G13: 17.79 | H13: I
A14: SINAPI | B14: 88247 | C14: AUXILIAR DE ELETRICISTA COM ENCARGOS COMPLEMENTARES | D14: H | E14: 0.7289 | F14: 0 | G14: 520 | H14: I
A15: SINAPI | B15: 88264 | C15: ELETRICISTA COM ENCARGOS COMPLEMENTARES | D15: H | E15: 0.7289 | F15: 0 | G15: 10.49 | H15: I
A19: _________________________________
A20: Sebastião Barbosa Pinto Filho
A21: CREA/MG Nº: MG 249.547/D

Sheet Memória de Cálculo
A2: MEMÓRIA DE CÁLCULO DE QUANTITATIVOS
A3: PREFEITURA MUNICIPAL DE INHAPIM-MG
A4: ='Planilha Orcamentária'!A4 -> OBRA: REFORMA E OU MODERNIZAÇÃO DE QUADRA POLIESPORTIVA NO MUNICIPIO DE INHAPIM/MG | E4: FOLHA N º: | F4: 01/01.
A5: ='Planilha Orcamentária'!A5 -> LOCAL: DISTRITO DE BOM JESUS DO RIO PRETO - INHAPIM/MG - CEP: 35330-000 | E5: DATA: | F5: 45989
A7: ITEM | B7: CÓDIGO | C7: DESCRIÇÃO | D7: UNIDADE | E7: QUANTIDADE | F7: FÓRMULA DO CÁLCULO
A8: 1.0 | C8: ='Planilha Orcamentária'!C10 -> SERVIÇOS PRELIMINARES
A9: ='Planilha Orcamentária'!A11 -> 1.1 | B9: ='Planilha Orcamentária'!B11 -> SINAPI-103689 | C9: ='Planilha Orcamentária'!C11 -> FORNECIMENTO E COLOCAÇÃO DE PLACA DE OBRA EM CHAPA GALVANIZADA #26, ESP. 0,45MM, DIMENSÃO (3X1,5)M, PLOTADA COM ADESIVO VINÍLICO, AFIXADA COM REBITES 4,8X40MM, EM ESTRUTURA METÁLICA DE METALON 20X20MM, ESP. 1,25MM, INCLUSIVE SUPORTE EM EUCALIPTO AUTOCLAVADO PINTADO COM TINTA PVA DUAS (2) DEMÃOS | D9: ='Planilha Orcamentária'!D11 -> M² | E9: ='Planilha Orcamentária'!E11 -> 1 | F9: placa de obra de acordo com as exisgências do CREA-MG
A10: ='Planilha Orcamentária'!A12 -> 2.0 | B10: ='Planilha Orcamentária'!B12 -> 0 | C10: ='Planilha Orcamentária'!C12 -> QUADRA | D10: ='Planilha Orcamentária'!D12 -> 0
A11: ='Planilha Orcamentária'!A13 -> 2.1 | B11: ='Planilha Orcamentária'!B13 -> COMPOSIÇÃO-I | C11: ='Planilha Orcamentária'!C13 -> EXECUÇÃO DE PISO INDUSTRIAL DE CONCRETO ARMADO, FCK = 20 MPA, ESPESSURA DE 15,0 CM. AF_04/2022 | D11: ='Planilha Orcamentária'!D13 -> M² | E11: 584.5 | F11: 584.5
A12: ='Planilha Orcamentária'!A14 -> 2.2 | B12: ='Planilha Orcamentária'!B14 -> SINAPI-98577 | C12: ='Planilha Orcamentária'!C14 -> TRATAMENTO DE JUNTA SERRADA, COM TARUGO DE POLIETILENO E SELANTE À BASE DE SILICONE. AF_09/2023 | D12: ='Planilha Orcamentária'!D14 -> M | E12: 239.11 | F12: 31,778*4+16*7=239,11
A13: ='Planilha Orcamentária'!A15 -> 2.3 | B13: ='Planilha Orcamentária'!B15 -> SINAPI-102491 | C13: ='Planilha Orcamentária'!C15 -> PINTURA DE PISO COM TINTA ACRÍLICA, APLICAÇÃO MANUAL, 2 DEMÃOS, INCLUSO FUNDO PREPARADOR. AF_05/2021 | D13: ='Planilha Orcamentária'!D15 -> M² | E13: 510.7 | F13: 510,70
A14: ='Planilha Orcamentária'!A16 -> 2.4 | B14: ='Planilha Orcamentária'!B16 -> COMPOSIÇÃO-II | C14: ='Planilha Orcamentária'!C16 -> PAR DE TRAVES E REDES DE FUTSAL - FORNECIMENTO E INSTALAÇÃO. AF_03/2022 | D14: ='Planilha Orcamentária'!D16 -> UND | E14: 2 | F14: 2
A15: ='Planilha Orcamentária'!A17 -> 3.0 | B15: ='Planilha Orcamentária'!B17 -> 0 | C15: ='Planilha Orcamentária'!C17 -> ALAMBRADO | D15: ='Planilha Orcamentária'!D17 -> 0
A16: ='Planilha Orcamentária'!A18 -> 3.1 | B16: ='Planilha Orcamentária'!B18 -> SINAPI-100701 | C16: ='Planilha Orcamentária'!C18 -> PORTA DE FERRO, DE ABRIR, TIPO GRADE COM CHAPA, COM GUARNIÇÕES. AF_12/2019 | D16: ='Planilha Orcamentária'!D18 -> M² | E16: 5.04 | F16: 1,2*2,1*2=5,04
A17: ='Planilha Orcamentária'!A19 -> 3.2 | B17: ='Planilha Orcamentária'!B19 -> SINAPI-102364 | C17: ='Planilha Orcamentária'!C19 -> ALAMBRADO PARA QUADRA POLIESPORTIVA, ESTRUTURADO POR TUBOS DE ACO GALVANIZADO, (MONTANTES COM DIAMETRO 2", TRAVESSAS E ESCORAS COM DIÂMETRO 1 ¼"), COM TELA DE ARAME GALVANIZADO, FIO 10 BWG E MALHA QUADRADA 5X5CM (EXCETO MURETA). AF_03/2021 | D17: ='Planilha Orcamentária'!D19 -> M² | E17: 344.42 | F17: (4,0*16,12*2+1,13*4,0*2)+(4,0*31,86)+(1,21*31,86)=344,42
A18: ='Planilha Orcamentária'!A20 -> 4.0 | B18: ='Planilha Orcamentária'!B20 -> 0 | C18: ='Planilha Orcamentária'!C20 -> INSTALAÇÃO ELÉTRICA | D18: ='Planilha Orcamentária'!D20 -> 0
A19: ='Planilha Orcamentária'!A21 -> 4.1 | B19: ='Planilha Orcamentária'!B21 -> COMPOSIÇÃO - III | C19: ='Planilha Orcamentária'!C21 -> LUMINÁRIA REFLETOR LED PARA ILUMINAÇÃO PÚBLICA, 200 W - FORNECIMENTO E INSTALAÇÃO. AF_02/2025 | D19: ='Planilha Orcamentária'!D21 -> UND | E19: 8 | F19: 8
A20: ='Planilha Orcamentária'!A22 -> 4.2 | B20: ='Planilha Orcamentária'!B22 -> SINAPI-96986 | C20: ='Planilha Orcamentária'!C22 -> HASTE DE ATERRAMENTO, DIÂMETRO 3/4", COM 3 METROS - FORNECIMENTO E INSTALAÇÃO. AF_08/2023 | D20: ='Planilha Orcamentária'!D22 -> UND | E20: 4 | F20: 4
A21: ='Planilha Orcamentária'!A23 -> 4.3 | B21: ='Planilha Orcamentária'!B23 -> SINAPI-91925 | C21: ='Planilha Orcamentária'!C23 -> CABO DE COBRE FLEXÍVEL ISOLADO, 1,5 MM², ANTI-CHAMA 0,6/1,0 KV, PARA CIRCUITOS TERMINAIS - FORNECIMENTO E INSTALAÇÃO. AF_03/2023 | D21: ='Planilha Orcamentária'!D23 -> M | E21: 6 | F21: 6
A22: ='Planilha Orcamentária'!A24 -> 4.4 | B22: ='Planilha Orcamentária'!B24 -> SINAPI-91927 | C22: ='Planilha Orcamentária'!C24 -> CABO DE COBRE FLEXÍVEL ISOLADO, 2,5 MM², ANTI-CHAMA 0,6/1,0 KV, PARA CIRCUITOS TERMINAIS - FORNECIMENTO E INSTALAÇÃO. AF_03/2023 | D22: ='Planilha Orcamentária'!D24 -> M | E22: 234.08 | F22: 234,08
A23: ='Planilha Orcamentária'!A26 -> 5.0 | B23: ='Planilha Orcamentária'!B26 -> 0 | C23: ='Planilha Orcamentária'!C26 -> SERVIÇOS FINAIS | D23: ='Planilha Orcamentária'!D26 -> 0 | E23: 122 | F23: 122
A24: ='Planilha Orcamentária'!A27 -> 5.1 | B24: ='Planilha Orcamentária'!B27 -> ED-50266 | C24: ='Planilha Orcamentária'!C27 -> LIMPEZA FINAL PARA ENTREGA DA OBRA | D24: ='Planilha Orcamentária'!D27 -> M² | E24: 584.5 | F24: Somatória total de acordo com o projeto = 584,50 m²
A25: ='Planilha Orcamentária'!A29 -> 0 | B25: ='Planilha Orcamentária'!B29 -> 0 | C25: ='Planilha Orcamentária'!C28 -> TOTAL | E25: 0
C33: Sebastião Barbosa Pinto Filho
C34: CREA/MG Nº: MG 249.547/D
C38: Prefeito Municipal de Inhapim-MG
C39: Sandro Adriano Oliveira Silva

Sheet Cronograma
A2: CRONOGRAMA FÍSICO-FINANCEIRO
A3: ='Planilha Orcamentária'!A3 -> PREFEITURA MUNICIPAL DE INHAPIM-MG | C3: VALOR DO CONVÊNIO: | D3: =D18 -> 201716.37 | E3: DATA: | G3: ='Memória de Cálculo'!F5 -> 45989 | I3: FOLHA Nº:01/01
A4: ='Planilha Orcamentária'!A4 -> OBRA: REFORMA E OU MODERNIZAÇÃO DE QUADRA POLIESPORTIVA NO MUNICIPIO DE INHAPIM/MG | E4: PREVISÃO DE EXECUÇÃO DAS OBRAS: 3 MESES
A5: ='Planilha Orcamentária'!A5 -> LOCAL: DISTRITO DE BOM JESUS DO RIO PRETO - INHAPIM/MG - CEP: 35330-000
A6: ITENS | B6: ETAPAS/DESCRIÇÃO | C6: FÍSICO/ FINANCEIRO | D6: TOTAL ETAPAS | E6: MÊS 1 | G6: MÊS 2 | I6: MÊS 3 | K6: MÊS 4
A7: ='Planilha Orcamentária'!A10 -> 1.0 | B7: ='Planilha Orcamentária'!C10 -> SERVIÇOS PRELIMINARES | C7: Físico % | D7: =D8/$D$18 -> 0.0063194673 | E7: 1
C8: Financeiro | D8: ='Planilha Orcamentária'!H10 -> 1274.74 | E8: =E7*$D$8 -> 1274.74
A9: ='Planilha Orcamentária'!A12 -> 2.0 | B9: ='Planilha Orcamentária'!C12 -> QUADRA | C9: Físico % | D9: =D10/D18 -> 0.49981561 | E9: 0.5 | G9: 0.5
C10: Financeiro | D10: ='Planilha Orcamentária'!H12 -> 100820.99 | E10: =E9*$D$10 -> 50410.495 | G10: =G9*$D$10 -> 50410.495
A11: ='Planilha Orcamentária'!A17 -> 3.0 | B11: ='Planilha Orcamentária'!C17 -> ALAMBRADO | C11: Físico % | D11: =D12/$D$18 -> 0.44395509 | E11: 0.5 | G11: 0.5
C12: Financeiro | D12: ='Planilha Orcamentária'!H17 -> 89553.01 | E12: =D12*$E$11 -> 44776.505 | G12: =D12*$G$11 -> 44776.505
A13: ='Planilha Orcamentária'!A20 -> 4.0 | B13: ='Planilha Orcamentária'!C20 -> INSTALAÇÃO ELÉTRICA | C13: Físico % | D13: =D14/$D$18 -> 0.025048141 | G13: 1
C14: Financeiro | D14: ='Planilha Orcamentária'!H20 -> 5052.62 | G14: =D14*$G$13 -> 5052.62
A15: ='Planilha Orcamentária'!A26 -> 5.0 | B15: ='Planilha Orcamentária'!C26 -> SERVIÇOS FINAIS | C15: Físico % | D15: =D16/$D$18 -> 0.024861691 | I15: 1
C16: Financeiro | D16: ='Planilha Orcamentária'!H26 -> 5015.01 | I16: =D16*$G$13 -> 5015.01
A17: TOTAL | C17: Físico % | D17: =SUM(D7+D9+D11+D13+D15) -> 1 | E17: =E18/D18 -> 0.47820482 | G17: =G18/$D$18 -> 0.49693349 | I17: =I18/$D$18 -> 0.024861691 | K17: =K18/$D$18 -> 1
C18: Financeiro | D18: =SUM(D8+D10+D12+D14+D16) -> 201716.37 | E18: =E8+E10+E12 -> 96461.74 | G18: =SUM(G8+G10+G12+G14+G16) -> 100239.62 | I18: =SUM(I8+I10+I12+I14+I16) -> 5015.01 | K18: =D18 -> 201716.37
I19: Observações:
B22: ='Memória de Cálculo'!C33 -> Sebastião Barbosa Pinto Filho | L22: =SUM(E17:J17) -> 1
B23: ='Memória de Cálculo'!C34 -> CREA/MG Nº: MG 249.547/D | L23: =SUM(E18:K18) -> 403432.74
B26: ='Memória de Cálculo'!C38 -> Prefeito Municipal de Inhapim-MG
B27: ='Memória de Cálculo'!C39 -> Sandro Adriano Oliveira Silva

Sheet Memorial Descritivo
A2: MEMORIAL DESCRITIVO
A3: PREFEITURA MUNICIPAL DE INHAPIM-MG
A4: ='Planilha Orcamentária'!A4 -> OBRA: REFORMA E OU MODERNIZAÇÃO DE QUADRA POLIESPORTIVA NO MUNICIPIO DE INHAPIM/MG | E4: FOLHA N º: | F4: 01/01.
A5: ='Planilha Orcamentária'!A5 -> LOCAL: DISTRITO DE BOM JESUS DO RIO PRETO - INHAPIM/MG - CEP: 35330-000 | E5: DATA: | F5: =Cronograma!G3 -> 45989
A7: ITEM | B7: CÓDIGO | C7: DESCRIÇÃO | D7: DETALHAMENTO
A8: 1.0 | C8: ='Planilha Orcamentária'!C10 -> SERVIÇOS PRELIMINARES
A9: ='Planilha Orcamentária'!A10 -> 1.0 | B9: ='Planilha Orcamentária'!B11 -> SINAPI-103689 | C9: ='Planilha Orcamentária'!C11 -> FORNECIMENTO E COLOCAÇÃO DE PLACA DE OBRA EM CHAPA GALVANIZADA #26, ESP. 0,45MM, DIMENSÃO (3X1,5)M, PLOTADA COM ADESIVO VINÍLICO, AFIXADA COM REBITES 4,8X40MM, EM ESTRUTURA METÁLICA DE METALON 20X20MM, ESP. 1,25MM, INCLUSIVE SUPORTE EM EUCALIPTO AUTOCLAVADO PINTADO COM TINTA PVA DUAS (2) DEMÃOS | D9: Para a execução da placa de obras a empresa ganhadora deverá atender a especificação do manual de placa de obra de acordo com a descrição e as especificações do CREA.
A10: 2.0 | C10: ='Planilha Orcamentária'!C12 -> QUADRA
A11: 2.1 | B11: ='Planilha Orcamentária'!B13 -> COMPOSIÇÃO-I | C11: ='Planilha Orcamentária'!C13 -> EXECUÇÃO DE PISO INDUSTRIAL DE CONCRETO ARMADO, FCK = 20 MPA, ESPESSURA DE 15,0 CM. AF_04/2022 | D11: Execução de piso industrial em concreto armado com fck = 20 MPa e espessura de 15 cm, incluindo preparo e compactação do subleito, lançamento e adensamento do concreto, nivelamento mecânico e acabamento conforme especificação. Previsão de juntas de dilatação e cura úmida ou química para garantir desempenho e resistência. Serviço executado conforme AF_04/2022 e normas técnicas aplicáveis.
A12: 2.2 | B12: ='Planilha Orcamentária'!B14 -> SINAPI-98577 | C12: ='Planilha Orcamentária'!C14 -> TRATAMENTO DE JUNTA SERRADA, COM TARUGO DE POLIETILENO E SELANTE À BASE DE SILICONE. AF_09/2023 | D12: Tratamento de junta serrada mediante limpeza e preparo do vão, instalação de tarugo de polietileno como material de enchimento e aplicação de selante à base de silicone para vedação e acomodação de movimentações. Serviço executado conforme AF_09/2023, garantindo estanqueidade, durabilidade e desempenho da junta.
A13: 2.3 | B13: ='Planilha Orcamentária'!B15 -> SINAPI-102491 | C13: ='Planilha Orcamentária'!C15 -> PINTURA DE PISO COM TINTA ACRÍLICA, APLICAÇÃO MANUAL, 2 DEMÃOS, INCLUSO FUNDO PREPARADOR. AF_05/2021 | D13: Pintura de piso com tinta acrílica, realizada manualmente, incluindo limpeza, preparo da superfície e aplicação de fundo preparador. Execução de 2 demãos uniformes, garantindo aderência, cobertura e durabilidade do revestimento. Serviço conforme AF_05/2021 e normas técnicas aplicáveis..
A14: 2.4 | B14: ='Planilha Orcamentária'!B16 -> COMPOSIÇÃO-II | C14: ='Planilha Orcamentária'!C16 -> PAR DE TRAVES E REDES DE FUTSAL - FORNECIMENTO E INSTALAÇÃO. AF_03/2022 | D14: Fornecimento e instalação de par de traves de futsal em conformidade com dimensões regulamentares, incluindo estruturas metálicas pintadas e fixação segura ao piso. Acompanha fornecimento e montagem das redes, com tensionamento adequado para uso esportivo. Serviço executado conforme AF_03/2022.
A15: 3.0 | C15: ='Planilha Orcamentária'!C17 -> ALAMBRADO
A16: 3.1 | B16: ='Planilha Orcamentária'!B18 -> SINAPI-100701 | C16: ='Planilha Orcamentária'!C18 -> PORTA DE FERRO, DE ABRIR, TIPO GRADE COM CHAPA, COM GUARNIÇÕES. AF_12/2019 | D16: Fornecimento e instalação de porta de ferro de abrir, tipo grade com chapa metálica incorporada, incluindo guarnições adequadas. Estrutura fabricada em perfis metálicos, com pintura anticorrosiva e fixação conforme especificação. Serviço executado segundo AF_12/2019 e normas aplicáveis
A17: 3.2 | B17: ='Planilha Orcamentária'!B19 -> SINAPI-102364 | C17: ='Planilha Orcamentária'!C19 -> ALAMBRADO PARA QUADRA POLIESPORTIVA, ESTRUTURADO POR TUBOS DE ACO GALVANIZADO, (MONTANTES COM DIAMETRO 2", TRAVESSAS E ESCORAS COM DIÂMETRO 1 ¼"), COM TELA DE ARAME GALVANIZADO, FIO 10 BWG E MALHA QUADRADA 5X5CM (EXCETO MURETA). AF_03/2021 | D17: Execução de alambrado para quadra poliesportiva estruturado com montantes em tubos de aço galvanizado Ø 2" e travessas/escoras Ø 1¼". Instalação de tela em arame galvanizado fio 10 BWG, malha quadrada 5x5 cm, fixada à estrutura metálica. Serviço aplicado exclusivamente acima da mureta, conforme AF_03/2021.
A18: 4.0 | C18: ='Planilha Orcamentária'!C20 -> INSTALAÇÃO ELÉTRICA
A19: 4.3 | B19: ='Planilha Orcamentária'!B21 -> COMPOSIÇÃO - III | C19: ='Planilha Orcamentária'!C21 -> LUMINÁRIA REFLETOR LED PARA ILUMINAÇÃO PÚBLICA, 200 W - FORNECIMENTO E INSTALAÇÃO. AF_02/2025 | D19: Fornecimento e instalação de luminária refletor LED para iluminação pública, potência nominal de 200 W, com corpo em alumínio, proteção IP adequada e driver integrado. Inclusos fixação, conexões elétricas, teste de funcionamento e alinhamento fotométrico. Serviço executado conforme AF_02/2025 e normas aplicáveis.
A20: 4.5 | B20: ='Planilha Orcamentária'!B22 -> SINAPI-96986 | C20: ='Planilha Orcamentária'!C22 -> HASTE DE ATERRAMENTO, DIÂMETRO 3/4", COM 3 METROS - FORNECIMENTO E INSTALAÇÃO. AF_08/2023 | D20: Fornecimento e instalação de haste de aterramento em aço cobreado, diâmetro 3/4" e comprimento de 3 m, cravada no solo até profundidade especificada. Inclusos conector apropriado e interligação ao sistema de aterramento. Serviço conforme AF_08/2023 e normas técnicas de proteção elétrica.
A21: 4.6 | B21: ='Planilha Orcamentária'!B23 -> SINAPI-91925 | C21: ='Planilha Orcamentária'!C23 -> CABO DE COBRE FLEXÍVEL ISOLADO, 1,5 MM², ANTI-CHAMA 0,6/1,0 KV, PARA CIRCUITOS TERMINAIS - FORNECIMENTO E INSTALAÇÃO. AF_03/2023 | D21: Fornecimento e instalação de cabo de cobre flexível isolado, seção 1,5 mm², anti-chama, tensão 0,6/1,0 kV, destinado a circuitos terminais. Inclui lançamento em eletrodutos, conexões, identificação e testes de continuidade. Serviço executado conforme AF_03/2023 e normas de instalações elétricas.
A22: 4.7 | B22: ='Planilha Orcamentária'!B24 -> SINAPI-91927 | C22: ='Planilha Orcamentária'!C24 -> CABO DE COBRE FLEXÍVEL ISOLADO, 2,5 MM², ANTI-CHAMA 0,6/1,0 KV, PARA CIRCUITOS TERMINAIS - FORNECIMENTO E INSTALAÇÃO. AF_03/2023 | D22: Fornecimento e instalação de cabo de cobre flexível isolado, seção 2,5 mm², anti-chama, tensão 0,6/1,0 kV, destinado a circuitos terminais. Inclui lançamento em eletrodutos, conexões adequadas, identificação e testes de continuidade. Serviço executado conforme AF_03/2023 e normas vigentes de instalações elétricas.
A23: 4.10 | B23: ='Planilha Orcamentária'!B25 -> SINAPI-91864 | C23: ='Planilha Orcamentária'!C25 -> ELETRODUTO RÍGIDO ROSCÁVEL, PVC, DN 32 MM (1"), PARA CIRCUITOS TERMINAIS, INSTALADO EM FORRO - FORNECIMENTO E INSTALAÇÃO. AF_03/2023 | D23: Fornecimento e instalação de eletroduto rígido roscável em PVC, DN 32 mm (1"), destinado a circuitos terminais, fixado em forro conforme projeto. Inclui conexões, suportes, alinhamento e testes de continuidade do encaminhamento. Serviço executado conforme AF_03/2023 e normas de instalações elétricas.
A24: 5.0 | C24: ='Planilha Orcamentária'!C26 -> SERVIÇOS FINAIS
A25: 5.1 | B25: ='Planilha Orcamentária'!B27 -> ED-50266 | C25: ='Planilha Orcamentária'!C27 -> LIMPEZA FINAL PARA ENTREGA DA OBRA | D25: Execução de limpeza final para entrega de quadra poliesportiva, incluindo remoção de resíduos, poeira e materiais soltos, lavagem e higienização das superfícies, equipamentos e áreas adjacentes. Abrange detalhamento fino, garantindo condições adequadas de uso e conformidade para recebimento da obra.
C28: Nome do(a) Responsável Técnico(a)
C29: ='Planilha Orcamentária'!C31 -> Sebastião Barbosa Pinto Filho
C30: ='Planilha Orcamentária'!C32 -> CREA/MG Nº: MG 249.547/D
C35: Nome do(a) Prefeito(a) Municipal
C36: ='Memória de Cálculo'!C39 -> Sandro Adriano Oliveira Silva

Sheet BDI
A4: ='Planilha Orcamentária'!A4 -> OBRA: REFORMA E OU MODERNIZAÇÃO DE QUADRA POLIESPORTIVA NO MUNICIPIO DE INHAPIM/MG
A5: ='Planilha Orcamentária'!A5 -> LOCAL: DISTRITO DE BOM JESUS DO RIO PRETO - INHAPIM/MG - CEP: 35330-000
A6: MUNICIPIO: INHAPIM/MG - CEP: 35330-000
A7: DATA: | B7: ='Memória de Cálculo'!F5 -> 45989
B9: DETALHAMENTO DE BDI
B11: ITEM COMPONENTE DO BDI | D11: %
B12: Administração Central | C12: AC | D12: 5.5 | H12: 0.038 | J12: =SUM(D12:D19) -> 29.07
B13: Seguro e Garantia | C13: SG | D13: 1 | H13: 0.0032
B14: Risco | C14: R | D14: 1.27 | H14: 0.005
B15: Despesas Financeiras | C15: DF | D15: 1.05 | H15: 0.0102
B16: Lucro | C16: L | D16: 7.5 | H16: 0.0664
B17: Tibutos ( Impostos COFINS 3% E PIS 0,65) | C17: CP | D17: 6.65 | H17: 0.0365
B18: Tributos (ISS, variável de acordo com o município) | C18: ISS | D18: 2.5 | H18: 0.025
B19: Tributos (Contribuição Previdenciária - 0% ou 4,5%, conforme Lei 12.844/2013 - Desoneração) | C19: CPRB | D19: 3.6 | H19: 0
A23: BDI = [((1+AC + DF+RE+GA)*(1+DF)*(1+L)) /(1-CP-ISS-CPRB)]-1
C25: BDI= | D25: 0.2971
C28: BDI = | D28: 0.2971
A39: ___________________________ Sebastião Barbosa Pinto Filho Engenheiro Civil Crea-MG 249.547/D
